[Event "11th Festival Palmanova-A 2022"]
[Site "Strassoldo"]
[Date "2022.12.09"]
[Round "2.12"]
[White "Bardone, Lorenzo"]
[Black "Budai, Federico"]
[Result "1/2-1/2"]
[ECO "E01"]
[WhiteElo "2215"]
[BlackElo "1748"]
[Annotator "TA"]
[PlyCount "47"]
[EventDate "2022.12.08"]
[EventType "swiss"]
[EventCountry "ITA"]
[SourceTitle "playchess.com"]
[Source "ChessBase"]
[SourceQuality "1"]
[TimeControl "5400+30"]

1. d4 d5 2. c4 c6 3. Nf3 Nf6 4. g3 e6 5. Bg2 Bd6 6. O-O O-O 7. Nfd2 Nbd7 8. Nc3 Bc7 9. e4 {[%emt 0:02:25] E01: Catalan: Early deviations.} dxe4 10. Ndxe4 Nxe4 11. Nxe4 {[%emt 0:01:55] White is slightly better.} Nb6 {[%emt 0:01:13] [#]} ({Better is} 11... f5 $14 12. Ng5 Qe7) 12. b3 $1 $16 e5 (12... f5 $16 {might work better.}) 13. Bb2 (13. Ba3 $18) 13... exd4 14. Bxd4 {[%emt 0:09:12] White is more active.} (14. c5 $16) 14... Bf5 {[%emt 0:01:41] [#]} 15. c5 $146 (15. Re1 $14) ({Predecessor:} 15. Qd2 Bxe4 16. Bxe4 Be5 17. Rad1 Qc7 18. Bxe5 Qxe5 19. Qc2 f5 20. Bf3 Rad8 21. Rfe1 Rxd1 22. Qxd1 {1-0 (31) Kjartansson,G (2408)-Dolzhikova,O (2239) Caleta 2013}) 15... Nd5 $11 16. Qd2 Re8 17. Nd6 Bxd6 18. cxd6 Qxd6 19. Qb2 f6 20. Rfe1 a6 21. Qd2 Kf7 22. Qa5 {[%emt 0:01:17] Black is slightly better.} Rxe1+ 23. Rxe1 Re8 24. Bxd5+ {[%emt 0:04:10] Weighted Error Value: White=0.24 (precise) /Black=0.18 (very precise)} 1/2-1/2

[Event "11th Festival Palmanova-A 2022"]
[Site "Strassoldo"]
[Date "2022.12.09"]
[Round "3.1"]
[White "Lekic, Dusan"]
[Black "Savanovic, Maksim"]
[Result "1/2-1/2"]
[ECO "D14"]
[WhiteElo "2329"]
[BlackElo "2154"]
[Annotator "TA"]
[PlyCount "23"]
[EventDate "2022.12.08"]
[EventType "swiss"]
[EventCountry "ITA"]
[SourceTitle "playchess.com"]
[Source "ChessBase"]
[SourceQuality "1"]
[TimeControl "5400+30"]

1. d4 d5 2. c4 c6 3. cxd5 cxd5 4. Nc3 Nf6 5. Nf3 Nc6 6. Bf4 Bf5 7. e3 e6 8. Bd3 Bxd3 9. Qxd3 Bd6 10. Bxd6 Qxd6 11. O-O O-O {[%emt 0:00:01] [#]} {Predecessor:} 12. Rac1 $146 {D14: Slav Defence: Exchange variation with ...Bf5.} 1/2-1/2

[Event "11th Festival Palmanova-A 2022"]
[Site "Strassoldo"]
[Date "2022.12.09"]
[Round "3.2"]
[White "Belli, Giorgio"]
[Black "Loiacono, Leonardo"]
[Result "1/2-1/2"]
[ECO "B08"]
[WhiteElo "2165"]
[BlackElo "2271"]
[Annotator "TA"]
[PlyCount "61"]
[EventDate "2022.12.08"]
[EventType "swiss"]
[EventCountry "ITA"]
[SourceTitle "playchess.com"]
[Source "ChessBase"]
[SourceQuality "1"]
[TimeControl "5400+30"]

1. e4 {[%emt 0:00:04] Bulletin} g6 2. d4 Bg7 3. Nc3 d6 4. Nf3 Nf6 5. Be2 O-O 6. O-O c6 7. h3 Qc7 8. a4 Nbd7 9. Be3 b6 10. d5 {[%emt 0:04:55] B08: Pirc Defence: Classical System.} (10. Ng5 $11) 10... Bb7 $15 11. Nd4 {[%emt 0:06:48] [#]} a6 $146 ({Predecessor:} 11... cxd5 12. Ndb5 Qc6 13. exd5 Nxd5 14. Nxd5 Qxd5 15. Qxd5 Bxd5 16. Nc7 Bc4 17. Bxc4 Rac8 18. Nd5 Rxc4 19. Nxe7+ Kh8 20. c3 Nc5 21. Bxc5 Rxc5 22. Rfd1 Re8 23. Nd5 Re2 24. Rab1 {½-½ (24) Richmond,J-Sutherland,A Southport/ Merseyside 1983 EXT 1999 [Bulletin]}) 12. dxc6 {[%emt 0:01:20] White has an edge.} Bxc6 13. Nxc6 Qxc6 14. Nd5 Nxd5 15. exd5 Qb7 16. c3 Nf6 17. Bf3 b5 18. Qb3 Rfb8 {[%emt 0:00:30] The position is equal.} 19. axb5 axb5 (19... Qxb5 {simplifies} 20. Qxb5 axb5 21. Rxa8 Rxa8 22. g3 Nd7) 20. Rxa8 Qxa8 21. Re1 Qa4 22. Bd1 Qxb3 23. Bxb3 b4 {[%emt 0:00:44] [#] And now ...bxc3 would win.} 24. c4 Nd7 {[%emt 0:03:09] Inhibits c5.} 25. Ba4 Nb6 26. Bxb6 Rxb6 27. b3 Rb7 28. g3 Ra7 29. Kg2 Bc3 30. Re2 Kg7 31. f4 {[%emt 0:00:44] Weighted Error Value: White=0.12 (very precise) /Black=0.07 (flawless)} 1/2-1/2

[Event "11th Festival Palmanova-A 2022"]
[Site "Strassoldo"]
[Date "2022.12.09"]
[Round "3.3"]
[White "Damia, Angelo"]
[Black "Ranfagni, Stefano"]
[Result "1-0"]
[ECO "C01"]
[WhiteElo "2192"]
[BlackElo "1934"]
[Annotator "TA"]
[PlyCount "83"]
[EventDate "2022.12.08"]
[EventType "swiss"]
[EventCountry "ITA"]
[SourceTitle "playchess.com"]
[Source "ChessBase"]
[SourceQuality "1"]
[TimeControl "5400+30"]

1. e4 e6 2. d4 d5 3. Bd3 dxe4 4. Bxe4 Nf6 5. Bf3 c5 6. Ne2 Nc6 {[%emt 0:01:06][%cal Rc5d4] C01: French: Exchange Variation.} 7. Be3 cxd4 8. Nxd4 Nxd4 (8... Qc7 $11) 9. Qxd4 $14 Qxd4 10. Bxd4 Bd6 11. Nc3 a6 12. O-O-O O-O 13. g3 {[%emt 0:00:05] [#] Hoping for Bxf6.} Bc7 $146 ({Predecessor:} 13... Be7 14. Na4 Nd7 15. Rhe1 Rb8 16. Nb6 Nxb6 17. Bxb6 f6 18. Bc7 Ra8 19. Bd6 Kf7 {½-½ (53) Valls Marti,A (2133)-Mulay,P (1983) Barcelona 2016}) 14. Bc5 Re8 15. Rhe1 Rb8 16. Ne4 Nxe4 17. Bxe4 ({But not} 17. Rxe4 b6 18. Bd4 (18. Bd6 Bxd6 19. Rxd6 Bb7 $11) 18... Bb7 $14) 17... e5 18. Bd6 {[%emt 0:00:52] White has more active pieces. The black rooks are badly placed.} Bxd6 19. Rxd6 Be6 20. Rb6 Re7 21. Re3 Kf8 (21... Bxa2 $2 22. b3 $18) 22. Ra3 ({Stronger than} 22. Bxh7 g6 $15) 22... Rd7 23. b3 Bd5 {[%emt 0:00:21] [#]} (23... Rbd8 $16) 24. Bxd5 $1 $18 Rxd5 25. Raxa6 {[%emt 0:00:16][%mdl 4096] Endgame KRR-KRR} Rbd8 (25... e4 $142) 26. Rxb7 {[%emt 0:00:25] Raa7 is the strong threat.} Rd1+ 27. Kb2 {[%emt 0:00:04] And now Raa7 would win.} R1d2 28. f3 {[%emt 0:02:28] Threatens to win with Raa7.} Rc8 (28... Rf2 {is a better defense.} 29. Raa7 Rxf3) 29. Ka3 (29. Raa7 $142) 29... Rdxc2 $2 (29... Rf2 {was worth a try.} 30. f4 exf4) 30. Raa7 Rxh2 31. Rxf7+ Kg8 32. Rxg7+ Kh8 33. Rge7 Rh3 34. g4 ({Not} 34. Rxe5 Rxg3 35. f4 Rg2 $18) 34... Rxf3 35. Rxh7+ Kg8 36. Rhe7 {[%emt 0:00:16] White is clearly winning.} Rf4 37. g5 e4 38. g6 Rg4 39. g7 Rb8 40. Ra4 Rxg7 41. Rxg7+ Kxg7 42. Rxe4 {[%emt 0:00:08] White took control after the opening.   Weighted Error Value: White=0.16 (very precise) /Black=0.37} 1-0

[Event "11th Festival Palmanova-A 2022"]
[Site "Strassoldo"]
[Date "2022.12.09"]
[Round "3.4"]
[White "Lumachi, Gabriele"]
[Black "Casadio, Niccolo`"]
[Result "1/2-1/2"]
[ECO "D35"]
[WhiteElo "2394"]
[BlackElo "2095"]
[Annotator "TA"]
[PlyCount "138"]
[EventDate "2022.12.08"]
[EventType "swiss"]
[EventCountry "ITA"]
[SourceTitle "playchess.com"]
[Source "ChessBase"]
[SourceQuality "1"]
[TimeControl "5400+30"]

1. d4 e6 2. c4 Nf6 3. Nc3 d5 4. cxd5 exd5 5. Bg5 Be7 6. e3 c6 7. Bd3 Nbd7 8. h3 {[%emt 0:00:30] D35: Queen's Gambit Declined: Exchange Variation.} Nb6 9. Nge2 h6 10. Bh4 {[%emt 0:08:07] White has an edge.} Nh5 11. Bxe7 Qxe7 {[%emt 0:00:05] [#]} 12. Qd2 $146 ({Predecessor:} 12. O-O O-O 13. Rb1 a5 14. Qb3 Qd8 15. Na4 Nxa4 16. Qxa4 Qg5 17. Kh2 Bf5 18. Bxf5 Qxf5 {½-½ (34) Agdestein,S (2603)-Andersen,M (2525) Helsingor 2016}) 12... O-O 13. O-O Be6 14. Rae1 Rad8 (14... Qh4 {keeps more tension.} 15. Kh2 Rfe8 16. Ng1 Qe7) 15. b3 f5 16. Bb1 (16. Nf4 {simplifies} Nxf4 17. exf4 Nc8 18. Re5) 16... Qg5 17. Kh2 Nc8 18. f4 (18. Na4 {with more complications.} b6 19. Nb2 Nd6 20. Nd3) 18... Qe7 19. Nc1 (19. Ng1 {keeps more tension.} g5 20. Nf3 g4 21. Ne5) 19... Nf6 20. Nd3 Nd7 (20... Ne4 {seems wilder.} 21. Qb2 Kh7 22. Ne5 Rg8) 21. Ne5 Qe8 {[%emt 0:00:35] Against Ng6} (21... Kh7 {feels hotter.} 22. Na4 Nd6 23. Qb4 Rg8) 22. Qf2 Nd6 23. Qh4 (23. g4 {is more complex.} Ne4 24. Bxe4 dxe4 25. gxf5 Bxf5 26. Rg1) 23... Nxe5 24. fxe5 Ne4 25. Bxe4 dxe4 26. g4 {[%emt 0:06:26] Against c5} fxg4 27. Rxf8+ (27. Nxe4 Qg6 28. Nd6 Qc2+ 29. Kg1 gxh3 $19) 27... Qxf8 28. hxg4 c5 29. Nxe4 cxd4 30. g5 Rc8 31. gxh6 {[%emt 0:04:34] Strongly threatening Qg5.} Qf3 $2 {[%emt 0:02:06][%mdl 8192] [#]} (31... Rc2+ 32. Kg1 dxe3 33. Qg3) (31... Bd5 $1 $11 32. Kg1 (32. exd4 $2 Bxe4 33. Kg1 Bf5 $19) (32. h7+ $2 Kh8 $19) 32... Bxe4 33. Qxe4 dxe3 34. Qxe3 (34. Qxb7 Qf2+ 35. Kh1 Qxe1+ 36. Kg2 Rc2+ 37. Kh3 Qf1+ 38. Kg3 Qg1+ 39. Kf4 Rf2+ 40. Kxe3 Rf7+ 41. Kd3 Rxb7 42. e6 gxh6 43. Kc4 Qe3 44. b4 Qe4+ 45. Kb3 Rxb4+ 46. Kc3 Rc4+ 47. Kd2 Rc2+ 48. Kd1 Qe2#) (34. Rxe3 Rc1+ 35. Kg2 Qf1+ 36. Kg3 Qg1+ 37. Kh3 Qg5 $11) 34... Qb4) 32. Qg5 $1 $18 Qh3+ 33. Kg1 {[%emt 0:00:07][%csl Gh6][%cal Rg5g7] The board is on fire.} Qxh6 34. Qxh6 ({Not} 34. exd4 Qxg5+ 35. Nxg5 Bd5 $18) 34... gxh6 35. exd4 {[%emt 0:00:04][%cal Od4d5][%mdl 4096] Endgame Threatens to win with d5! KRB-KRN} Kf8 36. Rd1 Bd5 $2 (36... Rc2 37. d5 Bh3) 37. Nf6 Rd8 (37... Be6 38. d5 Bf5) 38. Nxd5 Rxd5 {[%emt 0:00:05] KR-KR} 39. Kf2 Ke7 40. Ke3 Rd8 41. Rh1 Rh8 42. Rh5 Kf7 43. d5 Kg6 44. Rh1 h5 45. Kf4 h4 46. Rg1+ (46. d6 $142 Kf7 47. Kg4 (47. Kf5 Rh5+ 48. Kf4 h3 $14)) 46... Kf7 47. Rc1 {[%emt 0:00:46] aiming for Kg5.} h3 {[%emt 0:00:26] [#]} 48. Kg3 $1 h2 {[%emt 0:00:15] [#]} 49. Rh1 $1 Rh5 (49... Rg8+ $142 50. Kxh2 Rg5) 50. Rxh2 Rxe5 51. Rh7+ Kf6 52. Rxb7 a5 53. d6 $2 (53. Rb5 $18 a4 54. Kf4 (54. bxa4 Re4 $16)) 53... a4 $1 $11 54. bxa4 (54. b4 $5 Re3+ 55. Kf4 $16) 54... Rd5 {[%emt 0:00:37] The position is equal.} 55. Rb5 Rxd6 56. a5 Ke6 57. Kf3 Kd7 58. Ke4 Kc6 59. Rb6+ Kc7 60. Rb2 Ra6 61. Rb5 Kc6 62. Rh5 Kb7 63. Kd4 Rg6 64. Kc3 Ka6 65. Rc5 Rg3+ 66. Kb4 Rg4+ 67. Rc4 Rxc4+ 68. Kxc4 Kxa5 69. a4 Kxa4 {[%emt 0:41:34] Black escapes into a draw.   Weighted Error Value: White=0.31/Black=0.19 (very precise)} 1/2-1/2

[Event "11th Festival Palmanova-A 2022"]
[Site "Strassoldo"]
[Date "2022.12.09"]
[Round "3.5"]
[White "Titze, Leo"]
[Black "Urbani, Gabriel"]
[Result "1-0"]
[ECO "E04"]
[WhiteElo "2252"]
[BlackElo "2110"]
[Annotator "TA"]
[PlyCount "119"]
[EventDate "2022.12.08"]
[EventType "swiss"]
[EventCountry "ITA"]
[SourceTitle "playchess.com"]
[Source "ChessBase"]
[SourceQuality "1"]
[TimeControl "5400+30"]

1. d4 d5 2. c4 e6 3. Nf3 Nf6 4. g3 dxc4 5. Bg2 Bd7 6. O-O {[%emt 0:00:34][%mdl 1024] White has compensation. E04: Open Catalan: 5 Nf3.} Bc6 7. Bg5 Be7 {[%emt 0:01:36] [#]} 8. Qc1 $146 {[%emt 0:00:21] The position is equal.} ({Predecessor:} 8. Qc2 b5 9. Nbd2 O-O 10. e4 a6 11. Rfe1 Bb7 12. b3 cxb3 13. Nxb3 Nc6 14. Rad1 {1-0 (29) Paragua,M (2461)-Maiti,M (2316) New York 2022}) 8... Nbd7 9. Nbd2 h6 10. Bxf6 Nxf6 11. Nxc4 O-O 12. Rd1 Bd5 13. Nce5 c6 14. e3 $1 Rc8 15. Nd3 Qb6 16. Nc5 Bxc5 17. dxc5 Qc7 18. b4 Rfd8 19. Qb2 Be4 20. Ne5 Rxd1+ 21. Rxd1 Rd8 22. Rd4 Bxg2 23. Kxg2 Rd5 24. Nc4 Ne8 (24... b6 $11) 25. e4 $16 Rd7 26. Qd2 {[%emt 0:02:06] White is more active.} Nf6 (26... Rxd4 $142 27. Qxd4 Qe7) 27. f3 (27. Rd6 $142) 27... e5 (27... Rxd4 $16 28. Qxd4 Ne8) 28. Rd6 $18 Re7 29. Ne3 {[%emt 0:13:19][%cal Od6f6] [#] Rxf6! is the strong threat.} Rd7 (29... Re6 $142 30. Rxe6 fxe6) 30. Nc4 Re7 31. a4 Kh7 32. Qd3 ({White should play} 32. Ne3 $18 {[%cal Od6f6] Strongly threatening Rxf6!} Qc8 33. Nf5) 32... Kg8 (32... Nd7 $16) 33. a5 Re8 (33... Kh7 {was worth a try.} 34. Ne3 Qc8) 34. h4 Re7 35. Qd2 Kh7 36. Qd3 Kg8 $1 37. Qd1 Kh7 38. Qa4 (38. Ne3 $18 {[%cal Od6f6] And now Rxf6! would win.} Qc8 39. Nf5) 38... Rd7 39. a6 {[%emt 0:01:56] [#] aiming for axb7.} (39. Nxe5 Rxd6 40. cxd6 Qxd6 $15) 39... Rxd6 $2 (39... Ne8) 40. cxd6 {[%emt 0:00:10][%mdl 4096] Endgame KQN-KQN} Qd7 41. axb7 ({Worse is} 41. Nxe5 Qxd6 42. Nc4 (42. Nxf7 Qd2+ 43. Kg1 Qe1+ 44. Kg2 Qe2+ 45. Kg1 Qe3+ 46. Kg2 Qe2+ 47. Kg1 Qe1+ 48. Kg2 Qd2+ 49. Kg1 Qe1+ $17) 42... b5 $11) 41... Qxb7 42. Nxe5 Qb6 43. Nxc6 Qe3 44. Qc2 (44. Nxa7 $2 {is the wrong capture.} Qe2+ 45. Kg1 Qe1+ 46. Kg2 Qe2+ 47. Kg1 Qxf3 $19) 44... Nd7 45. h5 {[%emt 0:02:30] Threatening mate with e5+.} g6 {[%emt 0:00:56] Prevents e5.} 46. hxg6+ fxg6 47. Qa2 Kg7 48. Qxa7 (48. Qb2+ $142 Kh7 49. Ne7) 48... Qd2+ 49. Qf2 Qxd6 50. Qd4+ Qxd4 51. Nxd4 {[%emt 0:00:03] KN-KN} Kf6 52. f4 Nb6 53. Kf3 Na4 54. e5+ Ke7 55. Ke4 Kd7 56. f5 {[%emt 0:01:39] White mates.} gxf5+ 57. Kxf5 Nb6 58. Kg6 Nc4 59. Kf6 Nb6 60. e6+ {[%emt 0:00:12] Weighted Error Value: White=0.30/Black=0.39} 1-0

[Event "11th Festival Palmanova-A 2022"]
[Site "Strassoldo"]
[Date "2022.12.09"]
[Round "3.6"]
[White "Liloni, Francesco Mattia"]
[Black "Ceschia, Ivano"]
[Result "1/2-1/2"]
[ECO "B23"]
[WhiteElo "1909"]
[BlackElo "2217"]
[Annotator "TA"]
[PlyCount "111"]
[EventDate "2022.12.08"]
[EventType "swiss"]
[EventCountry "ITA"]
[SourceTitle "playchess.com"]
[Source "ChessBase"]
[SourceQuality "1"]
[TimeControl "5400+30"]

1. e4 c5 2. Nc3 Nc6 3. Bb5 Nd4 4. Nf3 Nxb5 5. Nxb5 d6 6. d4 Nf6 {[%emt 0:01:37] B23: Closed Sicilian: Lines without g3.} 7. Qd3 a6 8. Nc3 {[%emt 0:00:23] With the idea dxc5.} cxd4 9. Nxd4 e5 10. Nf5 Bxf5 11. exf5 d5 12. Bg5 (12. O-O $5 ) 12... d4 13. Bxf6 Qxf6 14. Ne4 Qc6 15. O-O Rc8 {[%emt 0:05:22] [#]} (15... Be7 $11 {keeps the balance.}) 16. Rac1 $146 (16. f4 $1 $16 ) ({Predecessor:} 16. c3 Rd8 17. Rfe1 dxc3 18. Qg3 f6 19. Nxc3 Qc7 20. Rac1 Qf7 21. f4 Bc5+ 22. Kh1 {1-0 (46) Barseghyan,A (2381)-Kuhar,L (2030) Corum 2019}) 16... g6 (16... Be7 $11 {might be stronger.}) 17. f6 $14 Bh6 {[%emt 0:13:41] Inhibits f4.} (17... Rd8 $142) 18. Rce1 $1 $16 (18. Qa3 $6 Rc7 19. Rce1 Kd8 $14) 18... Qe6 (18... Rc7 $16) 19. Qa3 (19. Qg3 $18) 19... Bf8 20. Qg3 (20. Qa5 $142) 20... Kd7 21. c3 {[%emt 0:02:00] And now cxd4 would win.} dxc3 {[%emt 0:01:08] [#]} 22. bxc3 ({And not} 22. Ng5 Qxf6 23. f4 (23. Qxe5 $2 Qxe5 24. Rxe5 cxb2 $19) (23. bxc3 Kc7 $11) (23. Rxe5 Bd6 $11) 23... Be7 24. bxc3 (24. Rxe5 Qb6+ 25. Kh1 c2 $17) 24... exf4 25. Rxf4 Qxg5 $11) (22. Rc1 $1 $18 c2 23. Qd3+ Bd6 24. b4 (24. Rxc2 Rxc2 25. Qxc2 Rc8 $14)) 22... Kc7 {[%emt 0:02:59] [#]} (22... Rc6 $16 {was necessary.}) 23. Qf3 (23. Rb1 $1 $18 {is more deadly.}) 23... h6 (23... Qc4 $16) 24. Rb1 $18 {[%emt 0:00:38][%cal Ob1b7] Hoping for Rxb7+!} Qc6 25. Rfd1 Rd8 (25... b6 $142 26. c4 Bc5) 26. Rxd8 Kxd8 27. Qd3+ (27. c4 $18 {and White stays clearly on top.}) 27... Kc7 $16 28. Rd1 {[%emt 0:00:38][%csl Gd1][%cal Rd3d8] White is much more active.} Ba3 29. c4 ({Better is} 29. f3 $16) 29... Bb4 $2 (29... Bb2 $1 $14) 30. a3 Ba5 31. Qd5 $2 ({White should play} 31. Nd6 $18 Rf8 32. c5 (32. Nxf7 Qxf6 33. Qd5 Bb6 $11)) 31... Qxd5 $11 32. Rxd5 Rd8 $1 33. Rxd8 Kxd8 {[%emt 0:00:02][%mdl 4096] Endgame KB-KN} 34. Nd6 Kd7 35. Nxf7 Ke6 {[%emt 0:00:45][%csl LRf6,LRf7] [#]} 36. Nxe5 {[%emt 0:00:13] aiming for f7. The position is equal.} Kxf6 (36... Kxe5 $2 37. f7 $18) 37. Nd7+ Ke7 38. Nc5 b5 39. cxb5 ({Much worse is} 39. Nxa6 bxc4 40. Kf1 c3 $17) 39... axb5 40. Nb3 Bc3 41. Kf1 Bb2 42. Ke2 Kd6 43. Kd3 Kd5 44. f4 Bxa3 45. Nd4 b4 46. Nc2 Kc5 47. Nd4 Bb2 48. Ne6+ Kd5 49. Nf8 g5 50. fxg5 hxg5 51. Nh7 g4 52. Kc2 Be5 53. Kb3 Ke4 54. Ng5+ Kf5 55. Nf7 Bxh2 {[%emt 0:00:27] Threatens to win with ...Kg6.} 56. Nh6+ {[%emt 0:00:11] Weighted Error Value: White=0.25 (precise) /Black=0.25 (precise)} 1/2-1/2

[Event "11th Festival Palmanova-A 2022"]
[Site "Strassoldo"]
[Date "2022.12.09"]
[Round "3.7"]
[White "Pozzari, Simone"]
[Black "Savanovic, Aleksandar"]
[Result "1-0"]
[ECO "E05"]
[WhiteElo "2139"]
[BlackElo "2365"]
[Annotator "TA"]
[PlyCount "95"]
[EventDate "2022.12.08"]
[EventType "swiss"]
[EventCountry "ITA"]
[SourceTitle "playchess.com"]
[Source "ChessBase"]
[SourceQuality "1"]
[TimeControl "5400+30"]

1. d4 {[%emt 0:00:35] Vidit,Santosh Gujrathi} Nf6 2. c4 e6 3. g3 d5 4. Bg2 Be7 5. Nf3 O-O 6. O-O dxc4 7. Qc2 a6 8. Qxc4 b5 9. Qc2 Bb7 10. Bd2 Be4 11. Qc1 c6 {[%emt 0:00:05] E05: Open Catalan: 5 Nf3 Be7.} 12. a4 Nbd7 13. Nc3 Bg6 {[%emt 0:00:20] White has an edge.} 14. Nh4 Bh5 15. h3 Nd5 {[%emt 0:01:23] Prevents g4.} 16. axb5 axb5 17. Nxd5 cxd5 18. Bf3 Bxf3 19. Nxf3 Qb6 20. Qc2 {[%emt 0:00:08] [#]} Qb7 $146 ({Predecessor:} 20... Rac8 21. Qd3 Ra8 22. Rxa8 Rxa8 23. Rc1 h6 24. Bf4 g5 25. Ne5 Nxe5 26. Bxe5 b4 {1-0 (46) Vidit,S (2707)-Wang,H (2737) Danzhou 2019 CBM 191 [Vidit,Santosh Gujrathi]}) 21. Rfc1 Rxa1 22. Rxa1 Rc8 23. Qb3 f6 24. Bb4 {[%emt 0:05:35] White is more active.} Bd8 25. Qa3 Kf7 26. e3 Rc6 27. Kg2 h6 28. Ne1 Bb6 29. Nd3 Rc4 (29... e5 $14) 30. Qa6 $16 Qxa6 31. Rxa6 e5 {[%emt 0:02:44] [#]} 32. dxe5 fxe5 {[%emt 0:02:10] [#]} 33. Rxb6 $1 Nxb6 34. Nxe5+ Ke6 35. Nxc4 dxc4 {[%emt 0:00:23][%mdl 4096] Endgame KB-KN} 36. Bc3 Nd5 $2 {[%emt 0:00:34] This costs Black the game.} (36... g5 $16 37. f4 Nd5) 37. Bxg7 $18 b4 38. Bd4 ({Not} 38. Bxh6 c3 39. b3 c2 $11) 38... Nc7 $2 (38... c3 39. bxc3 b3) 39. Kf3 Nb5 {[%emt 0:00:12] Strongly threatening ...Nxd4+.} 40. Ke2 b3 (40... Nd6 $142 41. g4 Kf7) 41. Kd2 Kd5 42. g4 Ke4 43. Bg7 Kf3 44. Bxh6 Kxf2 45. Bf4 {[%emt 0:00:53] White wants to mate with g5.} Kf3 46. g5 {[%emt 0:02:36] White mates.} c3+ 47. Kc1 c2 48. g6 {[%emt 0:00:18] Weighted Error Value: White=0.05 (flawless) /Black=0.49} 1-0

[Event "11th Festival Palmanova-A 2022"]
[Site "Strassoldo"]
[Date "2022.12.09"]
[Round "3.8"]
[White "Kalosha, Zhiulien Oleksii"]
[Black "Gschiel, Alexander"]
[Result "1-0"]
[ECO "B15"]
[WhiteElo "2092"]
[BlackElo "2322"]
[Annotator "TA"]
[PlyCount "79"]
[EventDate "2022.12.08"]
[EventType "swiss"]
[EventCountry "ITA"]
[SourceTitle "playchess.com"]
[Source "ChessBase"]
[SourceQuality "1"]
[TimeControl "5400+30"]

1. e4 c6 2. d4 d5 3. Nc3 dxe4 4. Nxe4 Nf6 5. Nxf6+ exf6 6. c3 Bd6 7. Bd3 O-O 8. Qc2 {[%emt 0:01:40] Active counter play!} Re8+ {[%emt 0:00:09] B15: Caro-Kann: 3 Nc3: 3...g6 and 3...dxe4 4 Nxe4 Nf6 5 Nxf6+ exf6.} 9. Ne2 h5 10. Be3 Nd7 {[%emt 0:00:55][%cal Of6f5,Bb8d7,Bd7f8,Bf8e6][%mdl 32] The position is equal.} 11. O-O h4 12. Bf4 Nf8 (12... Rxe2 $2 13. Qxe2 Bxf4 14. Qe4 $18) 13. Bxd6 Qxd6 {[%emt 0:00:03] [#]} 14. h3 $146 ({Predecessor:} 14. Qd2 Ne6 15. Rae1 Bd7 16. Bc4 h3 17. g3 Ng5 18. f3 Be6 19. d5 Bxd5 20. Bxd5 cxd5 {½-½ (105) Li,Y (1766)-Batista Rosas,N (1919) Nakhchivan 2022}) 14... Ne6 15. Qd2 Bd7 16. Rfe1 Rad8 17. Rad1 Bc8 18. Bc2 b5 19. b3 Ba6 (19... a5 $11) 20. Qd3 (20. b4 $14) 20... g6 $11 21. Qe4 c5 (21... b4 $11) 22. Qxh4 $16 Ng5 23. Bd3 (23. dxc5 $142 Qxc5 24. Rxd8 Rxd8 25. b4) 23... c4 24. bxc4 bxc4 25. Bb1 (25. Bc2 {simplifies} Bb7 26. Qg3 Qxg3 27. Nxg3 f5 28. Rxe8+ Rxe8 29. Nf1) 25... Bb7 {[%emt 0:00:07][%cal Ob7g2] Hoping for ...Bxg2!} 26. Qg3 (26. Qg4 {keeps more tension.} Kg7 27. h4 Ne4 28. Ng3) 26... Qe6 (26... Ne6 $14) 27. Kf1 (27. f3 $16) 27... Ne4 {[%emt 0:02:17] Against h4} 28. Bxe4 (28. Qf4 {simplifies} f5 29. Bc2 Qd6 30. Qxd6 Rxd6 31. f3) 28... Qxe4 29. Nf4 Qc2 30. a3 (30. Rc1 $16 Rxe1+ 31. Rxe1) 30... Be4 (30... Kh7 $14) 31. Kg1 ({Better is} 31. Nh5 $1 Re6 32. Kg1) 31... Bd3 (31... Kh7 $142) 32. Nh5 $1 Re6 33. Kh2 (33. Rb1 $142 $1) 33... Rb6 34. Rc1 $36 {[%emt 0:00:29][%mdl 2048] Keeping Black busy.} Qb2 35. Nf4 (35. a4 $16) 35... Bf5 $2 {[%emt 0:00:12][%mdl 8192] [#]} (35... Rb3 $14) 36. a4 $2 (36. Nd5 $1 $18 {[%mdl 512] is the precise move to win.}) 36... a5 $2 {[%emt 0:00:41][%mdl 8192] [#]} (36... Kf8 $16 {is tougher.} 37. Qf3 (37. Qe3 Qa3 $16) 37... Qa3) 37. Nd5 $1 $18 Rb7 {[%emt 0:01:06] Against Qc7} (37... Rxd5 {leads to mate.} 38. Re8+ Kg7 {[#]} 39. Qh4 $1 g5 40. Qh8+ Kg6 41. Rg8#) (37... Re6 $142) (37... Kf8 38. Qf4) 38. Nxf6+ Kf8 39. Qh4 Kg7 {[%emt 0:00:26] Against Qh8+} 40. Ne8+ {[%emt 0:00:29] Weighted Error Value: White=0.30/Black=0.67} 1-0